 Dungeon Crawl Stone Soup version 0.30-a0-140-gd1020e658a (webtiles) character file.

Game seed: 12346521125989673534

72 Sanktem7 the Chopper (level 4, 0/41 HPs)
             Began as a Minotaur Berserker on Sept 25, 2022.
             Was a Believer of Trog.
             Slain by a hobgoblin (2 damage)
             ... led by Robin
             ... on level 2 of the Dungeon.
             The game lasted 00:03:22 (1489 turns).

Sanktem7 the Chopper (Minotaur Berserker)           Turns: 1489, Time: 00:03:22

Health: 0/41       AC:  3    Str: 23    XL:     4   Next: 7%
Magic:  3/3        EV: 12    Int:  4    God:    Trog [**....]
Gold:   41         SH:  0    Dex: 10    Spells: 3/3 levels left

rFire   . . .      SeeInvis .    a - +0 hand axe
rCold   . . .      Faith    .    (no shield)
rNeg    . . .      Spirit   .    b - +0 animal skin
rPois   .          Reflect  .    (helmet restricted)
rElec   .          Harm     .    (no cloak)
rCorr   .          Rampage  .    e - +0 pair of gloves
Will    .....                    (no boots)
Stlth   +.........               (no amulet)
HPRegen 0.13/turn                (no ring)
MPRegen 0.08/turn                (no ring)

@: no status effects
A: horns 2, retaliatory headbutt
a: Renounce Religion, Berserk, Trog's Hand


You were on level 2 of the Dungeon.
You worshipped Trog.
Trog was pleased with you.
You visited 1 branch of the dungeon, and saw 2 of its levels.

You collected 41 gold pieces.

Inventory:

Hand Weapons
 a - a +0 hand axe (weapon)
Armour
 b - a +0 animal skin (worn)
 e - a +0 pair of gloves (worn)
Jewellery
 h - a ring of magical power
Scrolls
 d - a scroll of blinking {unknown}
 g - a scroll of magic mapping {unknown}
 i - a scroll of identify {unknown}
 j - a scroll of teleportation {unknown}
 m - a scroll of amnesia {unknown}
 n - a scroll of noise {unknown}
Potions
 c - 2 potions of curing {unknown}
 f - a potion of invisibility {unknown}
 k - a potion of brilliance {unknown}
 l - a potion of cancellation {unknown}
 o - a potion of flight {unknown}


   Skills:
 * Level 4.8 Fighting
 * Level 5.1 Axes
 - Level 2.4 Armour
 - Level 2.1 Dodging


You had 3 spell levels left.
You didn't know any spells.
Your spell library was empty.

Dungeon Overview and Level Annotations

Branches:
Dungeon (2/15)

Altars:


Innate Abilities, Weirdness & Mutations

You have a pair of horns on your head.
You reflexively headbutt those who attack you in melee.


Message History

You hit Robin. Your headbutt misses Robin.
Robin is severely wounded.
You hit the hobgoblin but do no damage. You hit the hobgoblin.
You hit the goblin. The hobgoblin closely misses you. You furiously retaliate!
You headbutt the hobgoblin.
You kill the hobgoblin!
Trog accepts your kill. Robin throws the goblin at you!
* * * LOW HITPOINT WARNING * * *
The goblin closely misses you. You furiously retaliate!
You headbutt the goblin!
You kill the goblin!
Trog accepts your kill. The hobgoblin barely misses you.
The goblin hits you with a +0 dagger.
* * * LOW HITPOINT WARNING * * *
Unknown command.
You slash Robin!
You kill Robin!
Trog accepts your kill.
You hit the hobgoblin. You closely miss the goblin.
You closely miss the hobgoblin. The hobgoblin closely misses you.
The goblin closely misses you. The hobgoblin hits you.
* * * LOW HITPOINT WARNING * * *
Your Axes skill increases to level 5!
You have reached level 4!
You feel agile.
You hit the goblin.
You kill the goblin!
Trog accepts your kill.
You barely miss the hobgoblin. You hit the hobgoblin.
You kill the hobgoblin!
Trog accepts your kill. The hobgoblin hits you.
* * * LOW HITPOINT WARNING * * *
The ball python bites you but does no damage.
The ball python barely misses you.
Items here: )))) ††††.
You closely miss the hobgoblin. Your headbutt misses the hobgoblin.
The hobgoblin hits you.
You die...

...##.#..........#
...
.....#..........#
...
...#...........
#.#...#######.
#...###
###..####...
#####.........#
......#..######
#.....@)#
...#####g#
#.....)S†......
..#.......####.
............
............#
#...........#
#............
#.......<...##


You could see a hobgoblin (strong) and a ball python.

Vanquished Creatures
  Jessica (D:2)
  Robin (D:2)
  3 endoplasms (D:1)
  A giant cockroach (D:1)
  10 goblins
  3 hobgoblins
  3 kobolds (D:1)
  A quokka (D:1)
  3 ball pythons (D:1)
  2 bats (D:1)
  A frilled lizard (D:1)
  7 rats
36 creatures vanquished.

Vanquished Creatures (others)
  A plant (D:1)
1 creature vanquished.

Grand Total: 37 creatures vanquished

Notes
Turn   | Place    | Note
-------+----------+-------------------------------------------
     0 | D:1      | Sanktem7 the Minotaur Berserker began the quest for the
                  | Orb.
     0 | D:1      | Reached XP level 1. HP: 19/19 MP: 0/0
   626 | D:1      | Reached skill level 4 in Axes
   630 | D:1      | Reached XP level 2. HP: 17/27 MP: 1/1
  1008 | D:1      | Found a faded altar of an unknown god.
  1413 | D:2      | Noticed Jessica
  1417 | D:2      | Killed Jessica
  1418 | D:2      | Reached XP level 3. HP: 34/34 MP: 2/2
  1474 | D:2      | Noticed Robin
  1476 | D:2      | Reached ** piety under Trog
  1486 | D:2      | Killed Robin
  1487 | D:2      | Reached skill level 5 in Axes
  1487 | D:2      | Reached XP level 4. HP: 7/41 MP: 3/3
  1487 | D:2      | HP: 2/41 [hobgoblin[Robin] (5)]
  1489 | D:2      | Slain by a hobgoblin

Illustrated notes

Levels and vault maps discovered:
D:1:      dpeg_arrival_line_fractal, layout_loops_ring,
          shapermc_ecumenical_altar_ellora, serial_bayou_crossing
D:2:      layout_rooms, kennysheep_generic_room_13, uniq_robin, uniq_jessica

Skill      XL: |  1  2  3 |
---------------+----------+-----
Fighting       | 4 |  4.8
Axes           | 4 5 |  5.1
Armour         | |  2.4
Dodging        | |  2.1

Action                   |  1- 3 |  4- 6 || total
-------------------------+-------+-------++-------
Melee: Hand axe          |    64 |     2 ||    66
       Headbutt          |    10 |       ||    10
 Stab: Sleeping          |     1 |       ||     1
Armor: Animal skin       |    20 |     1 ||    21
Dodge: Dodged            |    40 |     1 ||    41

Table legend: (Time is in decaauts)
 A = Elapsed time spent in this place.
 B = Non-inter-level travel time spent in this place.
 C = Inter-level travel time spent in this place.
 D = Time resting spent in this place.
 E = Time spent auto-exploring this place.
 F = Levels seen in this place.
 G = Mean time per level.
                   A        B        C        D        E       F      G
               +--------+--------+--------+--------+--------+-----+--------+
         Total |   1513 |   1486 |     27 |      0 |   1303 |   2 |  756.5 |
       Dungeon |   1513 |   1486 |     27 |      0 |   1303 |   2 |  756.5 |
               +--------+--------+--------+--------+--------+-----+--------+

Top non-repeatable levels by time:
     D:1: 1429 daAuts
     D:2: 83 daAuts
